 Dungeon Crawl Stone Soup version 0.31-a0-1338-gb567cfdca4 (webtiles) character file.

Game seed: 3952578356875535312

2932 Jose the Summoner (level 9, 0/40 HPs)
             Began as a Deep Elf Summoner on Dec 22, 2023.
             Was a Believer of Hepliaklqana.
             Succumbed to Erica's bolt of poison
             ... on level 8 of the Dungeon.
             The game lasted 00:34:00 (7380 turns).

Jose the Summoner (Deep Elf Summoner)               Turns: 7380, Time: 00:34:00

Health: 0/40       AC:  4    Str:  5    XL:     9   Next: 50%
Magic:  3/32       EV: 15    Int: 25    God:    Hepliaklqana [**....]
Gold:   428        SH:  0    Dex: 15    Spells: 12/24 levels left

rFire   . . .        l - +4 spear (flame)
rCold   . . .        (no shield)
rNeg    . . .        a - +2 robe
rPois   .            (no helmet)
rElec   .            (no cloak)
rCorr   .            (no gloves)
SInv    .            (no boots)
Will    .....        t - amulet of guardian spirit
Stlth   ++           n - ring of wizardry
HPRegen 0.26/turn    x - ring of magical power
MPRegen 0.23/turn

%: guardian spirit, wizardry (x1)
@: mighty, lethally poisoned (0 -> -1), inugami summoned
A: reduced essence
a: Renounce Religion, Recall Ancestor, Ancestor Identity


You were on level 8 of the Dungeon.
You worshipped Hepliaklqana.
Hepliaklqana was pleased with you.
You visited 2 branches of the dungeon, and saw 9 of its levels.

You collected 428 gold pieces.

Inventory:

Hand Weapons
 f - a +0 club
 j - a +2 vampiric dagger
 l - a +4 spear of flaming (weapon)
Armour
 a - a +2 robe (worn)
Jewellery
 g - a ring of positive energy
 n - a ring of wizardry (left hand)
 t - an amulet of guardian spirit (around neck)
 u - an amulet of the acrobat
 x - a ring of magical power (right hand)
Wands
 v - a wand of paralysis (5)
 w - a wand of quicksilver (10)
 y - a wand of flame (28)
Scrolls
 h - a scroll of fog
 i - a scroll of torment
 m - 2 scrolls of identify
 o - 2 scrolls of blinking
 q - a scroll of enchant armour
 s - a scroll of acquirement {unknown}
 z - a scroll of fear
Potions
 b - a potion of degeneration {unknown}
 c - a potion of enlightenment
 d - a potion of resistance {unknown}
 e - a potion of might
 k - a potion of attraction {unknown}
 p - a potion of haste {unknown}
 r - a potion of lignification {unknown}


   Skills:
 + Level 4.0 Polearms
 + Level 7.5 Dodging
 - Level 2.8 Stealth
 + Level 8.4 Spellcasting
 * Level 10.2 Summonings


You had 12 spell levels left.
You knew the following spells:

 Your Spells              Type           Power      Damage    Failure   Level
b - Call Imp              Summ           100%       N/A       1%          2
c - Summon Guardian Gole  Hex/Summ       36%        N/A       1%          3
d - Summon Lightning Spi  Summ/Air       36%        N/A       2%          4
e - Call Canine Familiar  Summ           58%        N/A       1%          3

Your spell library contained the following spells:

 Spells                   Type           Power      Damage    Failure   Level
 Summon Small Mammal      Summ           100%       N/A       1%          1
 Necrotise                Necr           40%        1d6       2%          1
 Vampiric Draining        Necr           10%        2d6       7%          3
 Agony                    Necr           10%        N/A       52%         5


Dungeon Overview and Level Annotations

Branches:
Dungeon (8/15)             Temple (1/1) D:4
   Lair: D:8-11

Altars:
Ashenzari
Cheibriados
Dithmenos
Elyvilon
Fedhas
Gozag
Hepliaklqana
Kikubaaqudgha
Nemelex Xobeh
Okawaru
Qazlal
Sif Muna
Vehumet
Wu Jian
Yredelemnul
Zin
The Shining One

Shops:
D:3 *   D:4 ?


Message History

Your lightning spire completely resists.
The bolt of poison hits you!!
You are poisoned.
No target in view!
Your lightning spire cannot move out of your way!
You feel very sick.
Sagil-Idk misses something.
A gnoll sergeant comes into view. It is wielding a +0 spear.
You hit something. You burn something.
You feel sick. Something hits you! Something burns you.
Something barely misses you.
You closely miss something.
You feel sick.
You hear a zap.
Something tries to affect you, but you resist.
You feel very mighty all of a sudden.
You feel sick.
Sagil-Idk hits something with a +0 flail!
You hear a zap.
Something tries to affect you, but you resist.
You completely miss something.
You feel sick.
Your inugami hits something! You hit something. You burn something.
You feel sick. Something hits you.
* * * LOW HITPOINT WARNING * * *
Something burns you. Something grabs you.
You are constricted.
* * * LOW HITPOINT WARNING * * *
Your inugami closely misses something.
Sagil-Idk hits something with a +0 flail!
You escape Erica's grasp.
You swap places.
You feel sick.
Your inugami hits something!
You hear a zap.
You suddenly lose the ability to move!
You feel sick.
The gnoll sergeant hits you from afar with a +0 spear!
* * * LOW HITPOINT WARNING * * *
Sagil-Idk closely misses something.
Your inugami hits something!
Reactivating autopickup.
You feel a bit more experienced.
You can move again.
Your Polearms skill increases to level 4!
Your Spellcasting skill increases to level 8!
Your Summonings skill increases to level 10!
You die...

##.#####.# ##.##......##
##.# #.###..##........
...# #..#.#.##......##
#### #...##.##......## #
#..###.#######... #
#..###........<.. #####
##..............## .....
##.....##........#
................@......#
.....#.......##h8......#
#.####.........R$9.g...#
#.# #.#....##.........).
#.# #.#..#.##.#########.
#.# #......#...
#.######..###..##
.......# . #.. ######.#


You could see the friendly Sagil-Idk the knight (sheltered), a gnoll sergeant
(ally target), a friendly guardian golem (summoned), a friendly lightning spire
(summoned, sheltered) and a friendly inugami (summoned, sheltered).

Vanquished Creatures
  A water moccasin (D:7)
  A phantom (D:4)
  A killer bee (D:8)
  A gnoll bouda (D:7)
  3 gnolls (D:2)
  An adder (D:3)
  An ufetubus (D:7)
  An orc (D:4)
  3 endoplasms
  A giant cockroach (D:3)
  A goblin (D:3)
  2 hobgoblins
  A jackal (D:2)
  A kobold (D:1)
  3 ball pythons
  3 bats (D:3)
  A frilled lizard (D:3)
  2 rats (D:1)
28 creatures vanquished.

Vanquished Creatures (collateral kills)
  Erica (D:8)
  Joseph (D:8)
  2 water moccasins
  2 ice beasts
  An orc warrior (D:8)
  A centaur (D:7)
  3 bullfrogs
  3 wights (D:8)
  4 killer bees (D:8)
  2 howler monkeys (D:7)
  2 jellies
  2 hounds (D:6)
  An orc priest (D:7)
  2 iguanas
  3 orc wizards
  6 gnolls
  2 bombardier beetles (D:4)
  A white imp (D:7)
  3 ufetubi
  A worm (D:4)
  A dart slug (D:1)
  16 orcs
  5 bats
  3 endoplasms (D:1)
  4 goblins
  A hobgoblin (D:1)
  A jackal (D:2)
  2 quokkas (D:1)
  5 ball pythons
  3 frilled lizards (D:1)
  2 kobolds
  4 rats (D:1)
90 creatures vanquished.

Vanquished Creatures (others)
  Menkaure (D:5)
  3 gnolls
4 creatures vanquished.

Grand Total: 122 creatures vanquished

Notes
Turn   | Place    | Note
-------+----------+-------------------------------------------
     0 | D:1      | Jose the Deep Elf Summoner began the quest for the Orb.
     0 | D:1      | Reached XP level 1. HP: 10/10 MP: 6/6
   321 | D:1      | Reached XP level 2. HP: 13/15 MP: 6/8
   420 | D:1      | Learned a level 2 spell: Call Imp
   755 | D:1      | Reached XP level 3. HP: 14/19 MP: 10/10
  1212 | D:1      | Found a basalt altar of Yredelemnul.
  1571 | D:2      | Found a shadowy altar of Dithmenos.
  1596 | D:2      | Reached skill level 5 in Summonings
  1606 | D:2      | Reached XP level 4. HP: 13/24 MP: 6/11
  1688 | D:2      | Learned a level 3 spell: Summon Guardian Golem
  1825 | D:2      | Found a faded altar of an unknown god.
  2251 | D:3      | Found an iron altar of Okawaru.
  2288 | D:3      | Noticed an earth elemental
  2290 | D:3      | Found a stormy altar of Qazlal.
  2292 | D:3      | Noticed a water elemental
  2292 | D:3      | Noticed an air elemental
  2292 | D:3      | Noticed a fire elemental
  2331 | D:3      | Found a glowing golden altar of the Shining One.
  2405 | D:3      | Found Bupn's General Store.
  2504 | D:3      | Learned a level 4 spell: Summon Lightning Spire
  2708 | D:3      | Reached XP level 5. HP: 18/28 MP: 7/13
  2825 | D:4      | Found Zaoxig's Magic Scroll Boutique.
  2884 | D:4      | Noticed a phantom
  2906 | D:4      | Killed a phantom
  2982 | D:4      | Found a hazy altar of Hepliaklqana.
  3008 | D:4      | Became a worshipper of Hepliaklqana the Forgotten
  3029 | D:4      | Learned a level 3 spell: Call Canine Familiar
  3171 | D:4      | Reached skill level 6 in Summonings
  3191 | D:4      | Reached skill level 1 in Polearms
  3498 | D:4      | Reached XP level 6. HP: 19/32 MP: 6/15
  3604 | D:4      | Found a staircase to the Ecumenical Temple.
  3628 | Temple   | Entered the Ecumenical Temple
  3726 | D:4      | Found a glowing silver altar of Zin.
  4115 | D:5      | Entered Level 5 of the Dungeon
  4158 | D:5      | Noticed Menkaure
  4186 | D:5      | Killed Menkaure
  4187 | D:5      | Reached skill level 5 in Spellcasting
  4656 | D:6      | Found a blossoming altar of Fedhas.
  4730 | D:6      | Reached * piety under Hepliaklqana
  4940 | D:6      | Noticed a water moccasin
  4954 | D:6      | Killed a water moccasin
  4955 | D:6      | Reached XP level 7. HP: 32/32 MP: 9/17
  5168 | D:6      | Found a broken altar of Ashenzari.
  5327 | D:6      | Reached skill level 5 in Dodging
  5327 | D:6      | Reached skill level 7 in Summonings
  5840 | D:7      | Reached XP level 8. HP: 20/36 MP: 10/19
  6078 | D:7      | Reached skill level 8 in Summonings
  6432 | D:7      | Reached ** piety under Hepliaklqana
  6433 | D:7      | Remembered your ancestor Sagil-Idk as a knight
  6764 | D:8      | Reached skill level 9 in Summonings
  6787 | D:8      | Found a sparkling altar of Nemelex Xobeh.
  6787 | D:8      | Found an opulent altar of Gozag.
  7020 | D:8      | Noticed Joseph
  7033 | D:8      | Killed Joseph
  7034 | D:8      | Reached XP level 9. HP: 34/40 MP: 22/22
  7123 | D:8      | Found a shimmering blue altar of Sif Muna.
  7365 | D:8      | Noticed Erica
  7378 | D:8      | Paralysed by something for 2 turns
  7379 | D:8      | HP: 1/40 [gnoll sergeant/+0 spear (5)]
  7379 | D:8      | Killed Erica
  7380 | D:8      | Reached skill level 10 in Summonings
  7380 | D:8      | Succumbed to Erica's bolt of poison

Illustrated notes

Levels and vault maps discovered:
D:1:      dpeg_arrival_water_altar, layout_loops_ring, serial_rivers,
          chequers_serial_rivers_small_3, chequers_serial_rivers_small_3,
          chequers_serial_rivers_room_b, chequers_serial_rivers_micro_b,
          chequers_serial_rivers_large_b, st_stairs_9,
          dreamdust_mushroom_princess, serial_bayou_lake_a
D:2:      layout_basic, hellmonk_ecumenical_altar_heavens_door, basic_altar
D:3:      layout_loops_cross, mainiacjoe_overflow_boulevard, tso_metal_star,
          nicolae_qazlal_style_of_elements, serial_shops,
          nicolae_shop_behind_doors, fountainhead
D:4:      layout_gridville, general_overflow_altar, kennysheep_mini,
          minmay_temple_entry_drinking_statues, serial_shops,
          nicolae_shop_advertising_works [nicolae_subvault_shop_adworks]
D:5:      layout_rooms, makhleb_grotto_becter,
          mainiacjoe_overflow_concentric_impassable, trog_butcher_becter,
          uniq_grinder, uniq_menkaure, uniq_pikel, uniq_duvessa
D:6:      layout_layer_cave, amcnicky_altar_gilded, kennysheep_mini_moat
D:7:      layout_basic
D:8:      layout_loops_cross, grunt_temple_overflow_opulence,
          mainiacjoe_overflow_alcove_2, uniq_joseph, uniq_erica
Temple:   hellmonk_temple_two_chambers

Skill      XL: |  1  2  3  4  5  6  7  8  9 |
---------------+----------------------------+-----
Dodging        | 3 4 5 6 7 |  7.5
Summonings     | 5 6 7 9 10 | 10.2
Spellcasting   | 4 5 6 7 8 |  8.4
Polearms       | 1 2 3 4 |  4.0
Stealth        | |  2.8

Action                     |  1- 3 |  4- 6 |  7- 9 || total
---------------------------+-------+-------+-------++-------
  Melee: Unarmed           |    15 |       |       ||    15
         Club              |    39 |       |       ||    39
         Dagger            |     9 |     6 |       ||    15
         Spear             |       |    46 |    34 ||    80
   Cast: Summon Small Mamm |    35 |    26 |       ||    61
         Call Imp          |    13 |    14 |     3 ||    30
         Summon Guardian G |       |    14 |     9 ||    23
         Call Canine Famil |       |    19 |    19 ||    38
         Summon Lightning  |       |       |    11 ||    11
 Invoke: Ancestor Identity |       |       |     2 ||     2
         Ancestor Life: Kn |       |       |     1 ||     1
    Use: Scroll            |     7 |     7 |       ||    14
         Potion            |       |     3 |     2 ||     5
   Stab: Sleeping          |     1 |     4 |       ||     5
         Distracted        |     1 |     2 |       ||     3
 Armour: Robe              |    40 |    29 |    33 ||   102
  Dodge: Dodged            |    68 |    37 |    44 ||   149

Table legend: (Time is in decaauts)
 A = Elapsed time spent in this place.
 B = Non-inter-level travel time spent in this place.
 C = Inter-level travel time spent in this place.
 D = Time resting spent in this place.
 E = Time spent auto-exploring this place.
 F = Levels seen in this place.
 G = Mean time per level.
                   A        B        C        D        E       F      G
               +--------+--------+--------+--------+--------+-----+--------+
         Total |   7454 |   7246 |    208 |      0 |   5533 |   9 |  828.2 |
       Dungeon |   7443 |   7235 |    208 |      0 |   5533 |   8 |  930.4 |
        Temple |     11 |     11 |      0 |      0 |      0 |   1 |   11.0 |
               +--------+--------+--------+--------+--------+-----+--------+

Top non-repeatable levels by time:
     D:1: 1330 daAuts
     D:4: 1279 daAuts
     D:6: 1276 daAuts
     D:7: 1008 daAuts
     D:3: 832 daAuts
     D:8: 806 daAuts
     D:2: 738 daAuts
     D:5: 169 daAuts
  Temple: 11 daAuts
